 Dungeon Crawl Stone Soup version 0.30-a0-23-ge60ba3568b (webtiles) character file.

Game seed: 13293203242150072949

199 fingers the Ruffian (level 5, -1/63 HPs)
             Began as a Draconian Transmuter on Aug 24, 2022.
             Succumbed to a gnoll's poison
             ... on level 4 of the Dungeon.
             The game lasted 00:17:36 (4280 turns).

fingers the Ruffian (Draconian Transmuter)          Turns: 4280, Time: 00:17:37

Health: -1/63      AC: 22    Str: 15    XL:     5   Next: 48%
Magic:  9/9        EV:  2    Int: 13    God:
Gold:   166        SH:  0    Dex: 11    Spells: 2/9 levels left

rFire   . . .      SeeInvis .    f - +0 quarterstaff
rCold   . . .      Faith    .    (shield currently unavailable)
rNeg    . . .      Spirit   .    (body armour unavailable)
rPois   +          Reflect  .    (helmet currently unavailable)
rElec   .          Harm     .    (cloak currently unavailable)
rCorr   .          Rampage  .    (gloves currently unavailable)
Will    .....      NoTele   +    (boots currently unavailable)
Stlth   +.........               (no amulet)
HPRegen 0.20/turn                (no ring)
MPRegen 0.11/turn                (no ring)

@: lethally poisoned (-1 -> -16), tree-form
A: stationary, stasis, torment immunity, boosted hp, AC +5, unfitting armour,
(cold-blooded)
a: no special abilities


You were on level 4 of the Dungeon.
You were a tree.
You visited 1 branch of the dungeon, and saw 4 of its levels.

You collected 166 gold pieces.

Inventory:

Hand Weapons
 f - a +0 quarterstaff (weapon)
Armour
 c - a +0 pair of boots (melded)
 e - a +0 pair of gloves (melded)
 p - a +0 buckler
Scrolls
 d - 4 scrolls of enchant armour {unknown}
 h - a scroll of acquirement {unknown}
 i - a scroll of immolation {unknown}
 k - 3 scrolls of identify {unknown}
 m - a scroll of enchant weapon {unknown}
 q - 2 scrolls of teleportation {unknown}
Potions
 a - 2 potions of lignification
 b - 3 potions of brilliance {unknown}
 g - 2 potions of ambrosia {unknown}
 j - 2 potions of curing {unknown}
 l - 2 potions of flight {unknown}
 n - a potion of mutation {unknown}
 o - a potion of heal wounds {unknown}
 r - a potion of berserk rage {unknown}


   Skills:
 * Level 2.7 Fighting
 * Level 1.8 Staves
 * Level 2.9 Dodging
 - Level 3.1 Unarmed Combat
 * Level 2.9 Spellcasting
 * Level 3.1 Transmutations


You had 2 spell levels left.
You knew the following spells:

 Your Spells              Type           Power      Damage    Failure   Level
a - Beastly Appendage     Tmut           18%        N/A       6%          1
b - Wereblood             Tmut           9%         N/A       10%         2
c - Ice Form              Ice/Tmut       5%         N/A       77%         4

Your spell library contained the following spells:

 Spells                   Type           Power      Damage    Failure   Level
 Shock                    Conj/Air       4%         1d3       24%         1
 Poisonous Vapours        Pois/Air       2%         N/A       34%         2
 Spider Form              Tmut/Pois      5%         N/A       36%         3
 Confusing Touch          Hex            1%         N/A       56%         3
 Ozocubu's Armour         Ice            1%         N/A       56%         3
 Swiftness                Air            1%         N/A       56%         3
 Airstrike                Air            0%         2d(1-17)  93%         4
 Corpse Rot               Necr/Pois/Air  1%         N/A       93%         4
 Yara's Violent Unravell  Hex/Tmut       2%         3d3       98%         5
 Metabolic Englaciation   Hex/Ice        0%         N/A       100%        5
 Simulacrum               Ice/Necr       0%         N/A       100%        6
 Enfeeble                 Hex            0%         N/A       100%        7


Dungeon Overview and Level Annotations

Branches:
Dungeon (4/15)
 Temple: D:4-7

Altars:


Innate Abilities, Weirdness & Mutations

You are a tree.
Your roots penetrate the ground, keeping you stationary.
You cannot be teleported.
You are immune to unholy pain and torment.
Your maximum health is greatly increased.
Your equipment is partially melded.
((Your plain brown scales are hard. (AC +5)))
You cannot fit into any form of body armour.
((You are cold-blooded and may be slowed by cold attacks.))


Message History

A gnoll comes into view. It is wielding a +2 halberd of venom.
The gnoll misses you. The gnoll hits you with a +0 flail!
You completely miss the gnoll.
The gnoll shouts!
You tail-slap the gnoll.
The gnoll is moderately wounded.
The gnoll hits you with a +0 flail.
A gnoll comes into view. It is wielding a +0 whip.
You sock the gnoll!
The gnoll is almost dead.
The gnoll closely misses you.
You hit the gnoll but do no damage.
You tail-slap the gnoll, but do no damage.
The gnoll is almost dead.
The gnoll throws a throwing net.
The throwing net barely misses you. The gnoll hits you with a +0 flail.
Okay, then.
Really quaff the potion of lignification?
You turn into a tree.
Your +0 pair of gloves melds into your body.
Your +0 pair of boots melds into your body.
Your roots penetrate the ground.
The gnoll hits you with a +0 flail. The gnoll hits you but does no damage.
You are poisoned.
You hit the gnoll.
You kill the gnoll!
You feel very sick. The gnoll hits you but does no damage.
You cannot move.
You swing at nothing.
You feel sick.
The gnoll hits you from afar with a +2 halberd of venom!
* * * LOW HITPOINT WARNING * * *
You are more poisoned.
A hobgoblin comes into view.
A jelly comes into view.
The gnoll hits you but does no damage. x2
The hobgoblin shouts!
You hit the gnoll.
The gnoll is moderately wounded.
You die...

#.....#..
#......J
#.......
##.g....###
.........#
#...g...#
#...g...#
#..♣)..#
#......#
#......#
#.(....#
#......#
######.#
#######.#
#.......#
#.......#


You could see a jelly, 2 gnolls and a hobgoblin.

Vanquished Creatures
  An orc wizard (D:4)
  2 gnolls
  5 adders
  A worm (D:3)
  2 dart slugs (D:1)
  6 orcs
  8 ball pythons
  12 bats
  10 endoplasms
  4 giant cockroaches
  7 goblins
  8 hobgoblins
  5 jackals (D:3)
  4 quokkas
  3 frilled lizards
  8 kobolds
  9 rats
95 creatures vanquished.

Notes
Turn   | Place    | Note
-------+----------+-------------------------------------------
     0 | D:1      | fingers the Draconian Transmuter began the quest for the
                  | Orb.
     0 | D:1      | Reached XP level 1. HP: 16/16 MP: 3/3
   268 | D:1      | Reached XP level 2. HP: 23/23 MP: 5/5
   908 | D:1      | Reached XP level 3. HP: 22/29 MP: 6/6
  1157 | D:1      | Learned a level 2 spell: Wereblood
  1640 | D:2      | Reached skill level 1 in Staves
  1925 | D:2      | Reached XP level 4. HP: 33/36 MP: 7/7
  2077 | D:2      | Learned a level 4 spell: Ice Form
  3272 | D:3      | Found a faded altar of an unknown god.
  3698 | D:3      | Reached XP level 5. HP: 42/42 MP: 9/9
  4279 | D:4      | HP: 3/63 [gnoll/+2 halberd of venom (10)]
  4280 | D:4      | Succumbed to a gnoll's poison

Illustrated notes

Levels and vault maps discovered:
D:1:      dpeg_arrival_round_c, layout_basic, serial_bayou_pond_b
D:2:      layout_loops_cross, grunt_ministairs_7, minmay_strange_pillars,
          minmay_nonomino_d4
D:3:      minmay_chambers_of_threes, layout_basic,
          ebering_ecumenical_altar_sacrificial
D:4:      layout_basic, gammafunk_temple_overflow_wave

Skill      XL: |  1  2  3  4  5 |
---------------+----------------+-----
Dodging        | 2 |  2.9
Fighting       | 2 |  2.7
Staves         | 1 |  1.8
Transmutations | 3 |  3.1
Unarmed Combat | |  3.1
Spellcasting   | |  2.9

Action                   |  1- 3 |  4- 6 || total
-------------------------+-------+-------++-------
Melee: Unarmed           |    21 |       ||    21
       Quarterstaff      |    84 |   174 ||   258
       Tailslap          |     5 |    23 ||    28
       Kick              |     2 |       ||     2
       Headbutt          |     1 |       ||     1
 Cast: Beastly Appendage |     6 |     1 ||     7
       Wereblood         |       |     6 ||     6
       Ice Form          |       |     1 ||     1
  Use: Potion            |       |     1 ||     1
Armor: Skin              |    50 |   110 ||   160
Dodge: Dodged            |   101 |   171 ||   272

Table legend: (Time is in decaauts)
 A = Elapsed time spent in this place.
 B = Non-inter-level travel time spent in this place.
 C = Inter-level travel time spent in this place.
 D = Time resting spent in this place.
 E = Time spent auto-exploring this place.
 F = Levels seen in this place.
 G = Mean time per level.
                   A        B        C        D        E       F      G
               +--------+--------+--------+--------+--------+-----+--------+
         Total |   4349 |   4211 |    138 |   1392 |   1584 |   4 | 1087.2 |
       Dungeon |   4349 |   4211 |    138 |   1392 |   1584 |   4 | 1087.2 |
               +--------+--------+--------+--------+--------+-----+--------+

Top non-repeatable levels by time:
     D:1: 1577 daAuts
     D:2: 1550 daAuts
     D:3: 933 daAuts
     D:4: 289 daAuts
